 Dungeon Crawl Stone Soup version 0.31-a0-675-g238779eb0a (webtiles) character file.

Game seed: 9656934839061237928

75 Xavori the Cutter (level 4, -2/32 HPs)
             Began as an Octopode Chaos Knight on Sept 5, 2023.
             Was a Plaything of Xom.
             Slain by a gnoll
             ... wielding a +3 flail of chaos
              (5 damage)
             ... on level 4 of the Dungeon.
             The game lasted 00:02:30 (4742 turns).

Xavori the Cutter (Octopode Chaos Knight)           Turns: 4742, Time: 00:02:31

Health: -2/32      AC:  5    Str:  9    XL:     4   Next: 31%
Magic:  18/18      EV: 14    Int: 17    God:    Xom [......]
Gold:   143        SH:  0    Dex: 16    Spells: 3/3 levels left

rFire   . . .        a - +0 short sword (chaos)
rCold   . . .        (no shield)
rNeg    . . .        (helmet currently unavailable)
rPois   .            k
                       - Hermit's Pendant {Faith Invo=14 Evo=0 MP+5}
rElec   .            (no ring)
rCorr   .            (no ring)
SInv    .            (no ring)
Will    ++...        (no ring)
Stlth   +++          (no ring)
HPRegen 0.25/turn    (no ring)
MPRegen 0.16/turn    (no ring)
                     (no ring)

%: faith
@: beast-form
A: beast (slay +0), almost no armour, amphibious, 8 rings, camouflage 1,
gelatinous body 1, (nimble swimmer 1), tentacles, iridescent scales 2, agile 1,
clever 1, strong-willed 2, wild magic 1
a: Begin Untransformation, Renounce Religion


You were on level 4 of the Dungeon.
You worshipped Xom.
You were a very special plaything of Xom.
You were a hulking beast.
You visited 1 branch of the dungeon, and saw 4 of its levels.

You collected 143 gold pieces.

Inventory:

Hand Weapons
 a - a +0 short sword of chaos (weapon)
Missiles
 r - 4 curare-tipped darts
Jewellery
 k - the Hermit's Pendant (around mantle) {Faith Invo=14 Evo=0 MP+5}
   (You found it on level 2 of the Dungeon)

   [amulet of faith]

   Invo=14: It sets your Invocations skill to 14.
   Evo=0: It sets your Evocations skill to 0.
   Faith:     It allows you to gain divine favour quickly.
   MP+5:      It affects your magic capacity (+5).
Talismans
 m - a beast talisman (active)
Scrolls
 b - a scroll of butterflies
 c - a scroll of fog {unknown}
 d - a scroll of brand weapon {unknown}
 g - a scroll of summoning {unknown}
 h - 2 scrolls of poison {unknown}
 j - a scroll of enchant weapon {unknown}
 l - 2 scrolls of identify {unknown}
 o - 2 scrolls of teleportation {unknown}
 p - a scroll of fear {unknown}
Potions
 e - a potion of degeneration {unknown}
 f - 2 potions of might {unknown}
 i - 3 potions of lignification {unknown}
 n - 2 potions of brilliance {unknown}
 q - a potion of ambrosia {unknown}
 s - a potion of attraction {unknown}
 t - a potion of curing {unknown}


   Skills:
 + Level 3.6 Fighting
 + Level 3.7 Short Blades
 + Level 2.8 Dodging
 + Level 2.3 Stealth
 * Level 0.4 Shapeshifting


You had 3 spell levels left.
You didn't know any spells.
Your spell library contained the following spells:

 Spells                   Type           Power      Damage    Failure   Level
 Static Discharge         Conj/Air       0%         2-2/arc   43%         2
 Borgnjor's Vile Clutch   Necr/Erth      0%         N/A       100%        5
 Freezing Cloud           Conj/Ice/Air   0%         6-21      100%        5
 Conjure Ball Lightning   Conj/Air       0%         3x3d6     100%        6
 Lehudib's Crystal Spear  Conj/Erth      0%         10d2      100%        8
 Maxwell's Capacitive Co  Air            0%         ∞         100%        8
 Shatter                  Erth           0%         3d5*      100%        9


Dungeon Overview and Level Annotations

Branches:
Dungeon (4/15)
 Temple: D:4-7

Altars:
Fedhas
Okawaru
Qazlal
Sif Muna
Trog
Vehumet
The Shining One

Annotations:
D:3 2 transporters, hgbash's ghost, amateur DECj


Innate Abilities, Weirdness & Mutations

You are a hulking beast.
Your limbs bulge with bestial killing power. (Slay +0)
You cannot wear most types of armour.
You are amphibious.
You can wear up to eight rings at the same time.
Your skin changes colour to match your surroundings (Stealth+).
Your rubbery body absorbs attacks. (AC +1, EV +1)
((You are camouflaged when in or above water. (Stealth+)))
You have tentacles for arms and can constrict up to eight enemies at once.
You are mostly covered in iridescent scales. (AC +4)
You are agile. (Dex +4, Str/Int -1)
Your mind is acute. (Int +4, Str/Dex -1)
You are highly strong-willed. (Will++)
Your spells are a little harder to cast, but a little more powerful.


Message History

The gnoll shouts!
The goblin shouts!
You grab the gnoll.
You constrict the gnoll, but do no damage.
The gnoll barely misses you.
You hit the gnoll but do no damage. You squeeze the gnoll.
The gnoll is moderately wounded.
You constrict the gnoll, but do no damage.
The gnoll hits you with a +0 flail. The gnoll hits you with a +0 spear.
You release your grip on the gnoll.
The gnoll closely misses you. The gnoll attacks as it pursues you!
The gnoll barely misses you.
You hit the gnoll. Your grab misses the gnoll.
Your tentacle-slap misses the gnoll.
Your squeeze misses the gnoll.
The gnoll is lightly wounded.
The gnoll hits you from afar with a +0 spear.
You hit the gnoll but do no damage. You grab the gnoll.
The gnoll is lightly wounded.
You constrict the gnoll.
Xom chortles.
The gnoll's +0 flail erupts in a glittering mayhem of colour.
The gnoll hits you with a +0 flail.
You hit the gnoll.
You squeeze the gnoll, but do no damage.
The gnoll is moderately wounded.
You constrict the gnoll, but do no damage.
The gnoll hits you but does no damage. The gnoll misses you.
You hit the gnoll.
The gnoll is severely wounded.
You constrict the gnoll. The gnoll closely misses you.
The gnoll hits you with a +0 flail!
* * * LOW HITPOINT WARNING * * *
Unknown command.
You release your grip on the gnoll.
You barely miss the gnoll. Your grab misses the gnoll.
Your squeeze misses the gnoll.
The gnoll is severely wounded.
The gnoll hits you with a +0 flail.
* * * LOW HITPOINT WARNING * * *
The gnoll attacks as it pursues you! The gnoll closely misses you.
The gnoll hits you with a +3 flail of chaos.
You die...

#########
####.......#####
####....##.##.......#
........gg.g#..####.#
.###....##g.h.....#.#
####.#####..##.#.#
#....†...##.#.#
########......#
###....# #....#
####### ####.#
#.....# #.# #.....#
####.####


You could see 3 gnolls and a goblin.

Vanquished Creatures
  2 adders
  2 dart slugs (D:1)
  5 bats
  5 endoplasms
  7 goblins
  A hobgoblin (D:3)
  8 kobolds
  2 quokkas
  8 ball pythons
  7 frilled lizards
  5 rats
52 creatures vanquished.

Notes
Turn   | Place    | Note
-------+----------+-------------------------------------------
     0 | D:1      | Xavori the Octopode Chaos Knight began the quest for the
                  | Orb.
     0 | D:1      | Reached XP level 1. HP: 16/16 MP: 1/1
   147 | D:1      | Reached XP level 2. HP: 21/21 MP: 2/2
   701 | D:1      | XOM: silly message
   753 | D:2      | Found a bloodstained altar of Trog.
  1127 | D:1      | XOM: silly message
  1302 | D:1      | XOM: noise
  1323 | D:1      | XOM is BORED!
  1348 | D:1      | XOM: summons 3 hostile shadow creatures
  1421 | D:2      | XOM: 1-stop teleportation journey
  1471 | D:2      | Reached skill level 1 in Stealth
  1471 | D:2      | Reached XP level 3. HP: 16/26 MP: 3/3
  1669 | D:2      | XOM: 1-stop teleportation journey
  1705 | D:2      | Found the Hermit's Pendant {Faith Invo=14 Evo=0 MP+5}
  1874 | D:2      | XOM: divination: magic mapping
  1947 | D:2      | XOM: cloud trail
  2230 | D:2      | XOM: give mutations
  2230 | D:2      | Gained mutation: You are agile. (Dex +4, Str/Int -1) [Xom's
                  | grace]
  2230 | D:2      | Gained mutation: You are very agile. (Dex +8, Str/Int -2)
                  | [Xom's grace]
  3625 | D:1      | XOM: divination: magic mapping
  3635 | D:1      | XOM: give mutations
  3635 | D:1      | Gained mutation: Your spells are a little harder to cast,
                  | but a little more powerful. [Xom's grace]
  3635 | D:1      | Gained mutation: Your mind is acute. (Int +4, Str/Dex -1)
                  | [Xom's grace]
  3736 | D:1      | XOM: noise
  3843 | D:1      | XOM: give mutations
  3843 | D:1      | Gained mutation: You have a pair of small antennae on your
                  | head. [Xom's grace]
  3843 | D:1      | Gained mutation: You are partially covered in iridescent
                  | scales. (AC +2) [Xom's grace]
  3843 | D:1      | Gained mutation: You are strong-willed. (Will+) [Xom's
                  | grace]
  3870 | D:3      | XOM: give mutation
  3870 | D:3      | Gained mutation: You are highly strong-willed. (Will++)
                  | [Xom's grace]
  3872 | D:3      | Reached XP level 4. HP: 31/32 MP: 13/13
  4064 | D:3      | Found a transporter.
  4065 | D:3      | Found a transporter.
  4065 | D:3      | Noticed hgbash's ghost (amateur DECj)
  4077 | D:3      | Noticed an ogre
  4139 | D:3      | Found an iron altar of Okawaru.
  4144 | D:3      | Found a stormy altar of Qazlal.
  4147 | D:3      | Found a glowing golden altar of the Shining One.
  4148 | D:3      | Found a radiant altar of Vehumet.
  4149 | D:3      | Found a blossoming altar of Fedhas.
  4184 | D:3      | XOM: god gift: Xom's Compendium of Untold Secrets {god
                  | gift}
  4185 | D:3      | Got Xom's Compendium of Untold Secrets {god gift}
  4205 | D:3      | XOM is BORED!
  4205 | D:3      | XOM: noise
  4332 | D:3      | Found a shimmering blue altar of Sif Muna.
  4484 | D:3      | XOM: give mutations
  4484 | D:3      | Gained mutation: You are mostly covered in iridescent
                  | scales. (AC +4) [Xom's mischief]
  4484 | D:3      | Lost mutation: You have a pair of small antennae on your
                  | head. [Xom's mischief]
  4484 | D:3      | Lost mutation: You are very agile. (Dex +8, Str/Int -2)
                  | [Xom's mischief]
  4588 | D:3      | XOM: noise
  4736 | D:4      | XOM: chaos upgrade
  4742 | D:4      | Slain by a gnoll

Illustrated notes

Levels and vault maps discovered:
D:1:      minmay_arrival_stone_box, layout_loops_cross, minmay_misc_feat_tower,
          minmay_liquid_box, minmay_heptomino_h4
D:2:      layout_basic, basic_altar, minmay_misc_feat_four_crosses,
          minmay_bisected
D:3:      layout_basic, minitemple, mainiacjoe_overflow_alcove_1,
          gammafunk_ghost_arena, kennysheep_generic_room_16
D:4:      layout_loops_cross, dancing_weapons_uskayaw

Skill      XL: |  1  2  3  4 |
---------------+-------------+-----
Stealth        | 1 2 |  2.3
Fighting       | |  3.6
Short Blades   | |  3.7
Dodging        | |  2.8
Shapeshifting  | |  0.4

Action                     |  1- 3 |  4- 6 || total
---------------------------+-------+-------++-------
  Melee: Short sword       |    79 |    38 ||   117
         Tentacles         |    14 |     7 ||    21
         Constrict         |    18 |     9 ||    27
         Punch             |       |     1 ||     1
   Stab: Sleeping          |     8 |     4 ||    12
 Armour: Skin              |    21 |    15 ||    36
  Dodge: Dodged            |    44 |    21 ||    65
   Form: Beast             |     1 |       ||     1

Table legend: (Time is in decaauts)
 A = Elapsed time spent in this place.
 B = Non-inter-level travel time spent in this place.
 C = Inter-level travel time spent in this place.
 D = Time resting spent in this place.
 E = Time spent auto-exploring this place.
 F = Levels seen in this place.
 G = Mean time per level.
                   A        B        C        D        E       F      G
               +--------+--------+--------+--------+--------+-----+--------+
         Total |   4723 |   4603 |    120 |   2370 |   1851 |   4 | 1180.8 |
       Dungeon |   4723 |   4603 |    120 |   2370 |   1851 |   4 | 1180.8 |
               +--------+--------+--------+--------+--------+-----+--------+

Top non-repeatable levels by time:
     D:1: 2870 daAuts
     D:2: 981 daAuts
     D:3: 815 daAuts
     D:4: 55 daAuts
